 Dungeon Crawl Stone Soup version 0.26-a0-394-g0b5ff556b1 (webtiles) character file.

Game seed: 6026403752960273035

221638 Misa the Eclecticist (level 18, 0/90 HPs)
             Began as a Spriggan Enchanter on July 17, 2020.
             Was the Champion of Dithmenos.
             Shot with a bolt by a yaktaur captain (26 damage)
             ... on level 2 of the Depths on July 23, 2020.
             The game lasted 04:35:04 (56053 turns).

Misa the Eclecticist (Spriggan Enchanter)          Turns: 56053, Time: 04:35:05

Health: 0/90       AC:  8    Str:  4    XL:     18   Next: 88%
Magic:  37/41      EV: 26    Int: 22    God:    Dithmenos [******]
Gold:   1764       SH:  7    Dex: 19    Spells: 18/54 levels left

rFire    + + .     SeeInvis +   o - +7 dagger
rCold    . . .     Faith    .   W - +2 buckler {rF+}
rNeg     . . .     Spirit   .   A - +2 robe {Archmagi}
rPois    +         Reflect  .   X - +2 hat {MR+}
rElec    .         Harm     .   m - +1 cloak {rPois}
rCorr    +         Rnd*Rage +   (gloves unavailable)
MR       ++++.                  (boots unavailable)
Stlth    ++++++++++             u - amulet of magic regeneration
HPRegen  0.25/turn              L - ring of protection from fire
MPRegen  0.52/turn              f - ring of resist corrosion

@: very slightly contaminated, wreathed by umbra, very quick
A: very small, unfitting armour, see invisible, berserk 1, speed 3
a: Shadow Step, Shadow Form, Renounce Religion


You were on level 2 of the Depths.
You worshipped Dithmenos.
Dithmenos was exalted by your worship.
You visited 8 branches of the dungeon, and saw 33 of its levels.
You visited 1 bazaar.
You also visited: Ice Cave.

You collected 3595 gold pieces.
You spent 1831 gold pieces at shops.

Inventory:

Hand Weapons
 b - a +4 dagger of chaos
 o - a +7 dagger (weapon)
Missiles
 z - 101 poisoned darts (quivered)
Armour
 m - a +1 cloak of poison resistance (worn)
 A - a +2 robe of the Archmagi (worn)
 D - the +1 troll leather armour "Zudeosext" {+Blink Regen+}
   (You found it in a bazaar)

   It lets you blink.
   It increases your rate of regeneration.
 G - a +0 robe of resistance
 W - a +2 buckler of fire resistance (worn)
 X - a +2 hat of magic resistance (worn)
 Y - a scarf of resistance
Jewellery
 f - a ring of resist corrosion (right hand)
 g - the ring of Zunkat {*Tele rElec MR+ Str+2 Int-3}
   (You found it on level 2 of the Elven Halls)

   [ring of teleportation]

   It may teleport you next to monsters.
   It affects your strength (+2).
   It affects your intelligence (-3).
   It insulates you from electricity.
   It affects your resistance to hostile enchantments.
 p - an uncursed ring of positive energy
 u - an amulet of magic regeneration (around neck)
 J - a +4 ring of evasion
 L - a ring of protection from fire (left hand)
 S - the amulet of the Pariah {Acrobat Dex+6}
   (You took it off a deep elf sorcerer on level 3 of the Elven Halls)

   [amulet of the acrobat]

   It helps you evade while moving and waiting.
   It affects your dexterity (+6).
Wands
 E - a wand of clouds (15)
 Q - a wand of digging (10)
Scrolls
 a - 5 scrolls of fog
 c - a scroll of fear
 d - a scroll of identify
 h - 9 scrolls of teleportation
 j - 15 scrolls of remove curse
 k - 2 scrolls of blinking
 l - 6 scrolls of enchant armour
 q - 7 scrolls of amnesia
 w - 4 scrolls of noise
 I - 2 scrolls of magic mapping
 M - 5 scrolls of enchant weapon
 R - 4 scrolls of summoning
 Z - a scroll of brand weapon
Potions
 i - 7 potions of might
 n - 6 potions of heal wounds
 r - 11 potions of curing
 s - a potion of haste
 t - 7 potions of brilliance
 x - a potion of berserk rage
 B - a potion of ambrosia
 C - 3 potions of invisibility
 F - 6 potions of mutation
 N - 4 potions of cancellation
 O - 2 potions of resistance
 T - a potion of flight
 U - a potion of magic


   Skills:
 - Level 8.3 Fighting
 - Level 10.8 Short Blades
 - Level 10.4 Dodging
 - Level 15.0 Stealth
 + Level 18.5 Spellcasting
 - Level 10.2 Conjurations
 + Level 15.7 Hexes
 - Level 9.0 Ice Magic
 - Level 11.6 Air Magic
 - Level 7.3 Poison Magic


You had 18 spell levels left.
You knew the following spells:

 Your Spells              Type           Power        Failure   Level
a - Corona                Hex            #######      0%          1
b - Ensorcelled Hibernat  Hex/Ice        ######       1%          2
c - Tukima's Dance        Hex            #######.     1%          3
d - Dazzling Flash        Conj/Hex       ######       1%          3
e - Poisonous Vapours     Pois/Air       ######       1%          2
f - Mephitic Cloud        Conj/Pois/Air  #######.     1%          3
g - Invisibility          Hex            #######.     1%          6
h - Freezing Cloud        Conj/Ice/Air   #######...   10%         6
i - Blink                 Tloc           N/A          6%          2
j - Discord               Hex            #######...   41%         8

Your spell library contained the following spells:

 Spells                   Type           Power        Failure   Level
 Slow                     Hex            #######.     0%          2
 Freeze                   Ice            ####         1%          1
 Magic Dart               Conj           ####         1%          1
 Shock                    Conj/Air       ####         1%          1
 Sting                    Tmut/Pois      ####         1%          1
 Corpse Rot               Necr/Air       N/A          1%          2
 Swiftness                Air            #######.     1%          2
 Confusing Touch          Hex            #######.     1%          3
 Conjure Flame            Conj/Fire      ######..     1%          3
 Frozen Ramparts          Ice            ######       1%          3
 Ozocubu's Armour         Ice            ######..     1%          3
 Static Discharge         Conj/Air       #######.     1%          3
 Stone Arrow              Conj/Erth      ######       1%          3
 Summon Guardian Golem    Hex/Summ       ######..     1%          3
 Airstrike                Air            #######...   1%          4
 Cause Fear               Hex            #######...   1%          4
 Hailstorm                Conj/Ice       #######.     1%          4
 Olgreb's Toxic Radiance  Pois           ######..     1%          4
 Lightning Bolt           Conj/Air       #######...   1%          5
 Metabolic Englaciation   Hex/Ice        #######...   1%          5
 Silence                  Hex/Air        #######...   1%          5
 Summon Lightning Spire   Summ/Air       ######..     3%          4
 Apportation              Tloc           ####..       4%          1
 Summon Small Mammal      Summ           ####         4%          1
 Ignite Poison            Fire/Tmut/Pois #####...     4%          3
 Yara's Violent Unravell  Hex/Tmut       ######....   4%          5
 Call Imp                 Summ           ####....     6%          2
 Summon Ice Beast         Ice/Summ       ######..     7%          4
 Call Canine Familiar     Summ           ####....     13%         3
 Gell's Gravitas          Tloc           ####......   13%         3
 Lesser Beckoning         Tloc           ####......   13%         3
 Alistair's Intoxication  Tmut/Pois      ######...    26%         5
 Bolt of Magma            Conj/Fire/Erth ######....   28%         5
 Petrify                  Tmut/Erth      ####....     38%         4
 Summon Forest            Summ/Tloc      ####......   75%         5
 Eringya's Noxious Bog    Tmut/Pois      ######....   82%         6
 Hydra Form               Tmut           ####......   100%        6
 Summon Hydra             Summ           ####......   100%        7


Dungeon Overview and Level Annotations

Branches:
Dungeon (15/15)            Temple (1/1) D:7            Lair (6/6) D:10
  Swamp (1/4) Lair:3        Snake (2/4) Lair:3        Slime (0/5) Lair:5
    Orc (2/2) D:11            Elf (3/3) Orc:2        Vaults (0/5) D:13
 Depths (3/5) D:15          IceCv (visited)

Altars:
Ashenzari
Cheibriados
Dithmenos
Elyvilon
Fedhas
Hepliaklqana
Kikubaaqudgha
Makhleb
Okawaru
Sif Muna
Vehumet
Xom
Yredelemnul
The Shining One
Lugonu

Shops:
D:7 (   D:13 (   D:14 *   Orc:2 [:**   Elf:3 *   Snake:1 (*

Portals:
Hell: Depths:1
Pandemonium: Orc:2
Trove: D:12 (give 2 scrolls of acquirement)

Annotations:
Lair:5 exclusion: 2 oklob plants
Lair:6 exclusion: 4 oklob plants
Orc:2 3 runed translucent doors, Conn's ghost, journeyman OpWz; fly's ghost, journeyman FoDe
Depths:2 3 runed translucent doors


Innate Abilities, Weirdness & Mutations

You are very small and have problems with some larger weapons.
You are too small for most types of armour.
You have supernaturally acute eyesight. (SInv)
You cover ground extremely quickly.
You tend to lose your temper in combat.


Message History

You catch the helpless rakshasa completely off-guard!
You skewer the rakshasa like a kebab!!!
You kill the rakshasa!
Dithmenos accepts your kill.
The white ugly thing shimmers and vanishes!
The rakshasa shimmers and vanishes!
The fire giant casts a spell at something.
The fireball explodes!
The fireball engulfs the fire giant.
The fire giant resists.
The fireball engulfs you! You resist.
* * * LOW HITPOINT WARNING * * *
You hear a deafening roar! x2; You hear a shout! x2
Things that are here:
a +0 whip; a +0 robe The yaktaur captain wields a +0 arbalest.
The yaktaur captain shoots a bolt.
The bolt completely misses you.
You hear a deafening roar!
You see here a bolt.
You hear a shout!
The yaktaur captain shoots a bolt.
The bolt hits you!!
You die...

#.##..##..#.(##.##.#.###.#.#
##...##..##.....##.#.....#.#
####..##..#####c####.###'###.#
..###.#..####.....##...[.[...#
.####.).####....#..#####.#####
##(###c####..##.##..####.###
#.##.#c..#....#.#....#.....#
.##..##)##.##.#...##.#.###.#
.........D.#....@.##...#(#.#
)##..##.##.#)...#....#.#.#.#
#.##.##.##......#....#.....#
##.####.###.....#...####.###
.### ##...##.(..#..####..# ..#
##..#.###.....###..### ###
#.C#..gC###C###..### .#
#.#..##CC.#.#..### #.#
#...#####.)(.###


You could see a fire giant (wandering), an ice dragon and a yaktaur captain.

Vanquished Creatures
  Sojobo (Depths:2)
  A caustic shrike (Depths:2)
  2 deep elf blademasters (Elf:3)
  Agnes (Snake:1)
  4 tengu reavers (Depths:2)
  A nagaraja (Snake:2)
  Donald (Orc:2)
  A frost giant (Depths:2)
  A fire giant (Depths:2)
  An orc warlord (Orc:2)
  12 deep elf sorcerers
  Louise (Elf:1)
  The ghost of Niddhogr the Covert, a journeyman FoVM of Gozag (Elf:2)
  Aizul (Snake:2)
  6 deep elf elementalists (Elf:3)
  4 stone giants
  A juggernaut skeleton (Depths:3)
  5 deep elf demonologists
  4 spark wasps
  2 dire elephants
  6 deep elf annihilators (Elf:3)
  5 deep elf death magi
  Snorg (Lair:4)
  2 fire dragons
  6 ettins (Depths:2)
  3 great orbs of eyes
  Erolcha (D:10)
  An ogre mage (Depths:2)
  3 rakshasas (Depths:2)
  2 deep elf high priests (Elf:3)
  A hell beast (D:8)
  5 centaur warriors
  4 ice dragons
  A spriggan air mage (Depths:3)
  An anaconda (Snake:2)
  A shambling mangrove (Swamp:1)
  4 hydras
  Erica (D:10)
  2 catoblepae
  A deep troll earth mage (Depths:2)
  6 tengu warriors
  3 death yaks (Lair:6)
  A deep troll shaman (Lair:6)
  2 vampire magi (Depths:2)
  8 two-headed ogres
  5 orc high priests (Orc:2)
  2 spriggan berserkers (Depths:2)
  Sonja (D:13)
  A sun demon (Orc:2)
  20 deep elf knights
  A sixfirhy (Orc:2)
  8 skeletal warriors (D:13)
  2 unseen horrors (D:14)
  2 glowing orange brains
  2 infernal demonspawn (Orc:2)
  An iron troll (D:13)
  6 deep elf archers (Elf:3)
  A wolf spider zombie (D:15)
  A wizard (Elf:1)
  54 deep elf magi
  A necromancer (Depths:3)
  A mana viper (Snake:2)
  A wolf spider (D:15)
  4 orc knights (Orc:2)
  A fire giant zombie (Depths:3)
  4 cyclopes
  10 ugly things
  8 orc sorcerers
  4 naga magi
  A salamander (shapeshifter) (Depths:2)
  A stone giant skeleton (Depths:1)
  Psyche (D:9)
  21 elephants
  8 black mambas
  A titan simulacrum (Depths:3)
  2 rust devils (D:8)
  2 gargoyles (D:13)
  3 orange demons
  A rime drake (Lair:1)
  3 yaktaurs
  Maggie (D:6)
  A yaktaur zombie (Depths:1)
  3 kobold demonologists
  10 cane toads
  5 komodo dragons
  A yaktaur skeleton (Depths:1)
  2 efreet
  3 tengu conjurers
  10 trolls
  A polar bear (Lair:6)
  A harpy zombie (D:14)
  A wolf spider simulacrum (IceCv)
  2 tyrant leeches (Swamp:1)
  4 hornets
  A blink frog (shapeshifter) (Depths:2)
  7 blink frogs
  5 slime creatures
  2 bog bodies (Lair:3)
  6 dream sheep (Lair:5)
  33 dancing weapons
  9 hippogriffs
  3 shadows
  8 redbacks (Elf:3)
  A spriggan (Swamp:1)
  3 wraiths
  A ynoxinul (Orc:2)
  33 yaks
  3 wyverns
  A human (shapeshifter) (Depths:1)
  A vampire (D:11)
  4 water elementals
  3 basilisks
  2 steam dragons
  6 vampire mosquitoes (Swamp:1)
  A soldier ant (shapeshifter) (Elf:1)
  7 nagas
  2 swamp worms (Swamp:1)
  3 wargs
  A soldier ant (D:13)
  12 porcupines
  15 water moccasins
  A floating eye (shapeshifter) (Elf:2)
  29 orc warriors
  Duvessa (D:7)
  2 sky beasts
  A swamp drake (Swamp:1)
  2 eyes of draining
  10 ice beasts
  A phantom (D:11)
  3 black bears
  12 boggarts
  13 ogres
  10 wolves
  8 centaurs
  10 crocodiles
  Blork the orc (D:3)
  3 big kobolds
  A wyvern zombie (D:14)
  18 bullfrogs
  A gnoll sergeant (D:10)
  Dowan (D:7)
  2 earth elementals
  4 scorpions
  A wyvern skeleton (D:12)
  An elephant simulacrum (IceCv)
  3 killer bees
  A swamp dragon simulacrum (IceCv)
  4 wights (D:11)
  3 howler monkeys (D:12)
  A bullfrog zombie (D:11)
  A crimson imp (D:4)
  10 jellies
  A quasit (D:10)
  18 orc priests
  9 hounds
  6 centaur skeletons
  6 iron imps (D:8)
  3 bullfrog skeletons
  2 iguanas
  21 orc wizards
  14 worker ants
  A wolf simulacrum (IceCv)
  A hound skeleton (D:4)
  A worker ant zombie (D:7)
  9 gnolls
  8 adders
  A shadow imp (D:6)
  4 white imps
  4 ufetubi
  4 worms
  6 dart slugs
  7 leopard geckos
  54 orcs
  2 ball pythons
  6 bats
  5 giant cockroaches
  9 hobgoblins
  12 jackals
  8 quokkas
  9 goblins
  A jackal skeleton (D:4)
  23 kobolds
  A quokka zombie (D:8)
  8 rats
948 creatures vanquished.

Vanquished Creatures (collateral kills)
  A fire giant (Depths:2)
  An ettin (Depths:1)
  A deep elf high priest (Elf:3)
  An ogre mage (Depths:1)
  5 two-headed ogres
  An orc high priest (Orc:2)
  5 deep elf knights
  A skeletal warrior (D:13)
  A gelid demonspawn (Orc:2)
  A deep elf archer (Elf:2)
  A necromancer (Depths:1)
  5 deep elf magi (Elf:2)
  A naga (Snake:1)
  8 orc warriors
  3 ogres
  5 orc priests
  4 orc wizards
  3 gnolls
  30 orcs
78 creatures vanquished.

Vanquished Creatures (others)
  A deep elf high priest (Elf:3)
  A deep elf mage (Elf:3)
  38 dancing weapons
  An orc warrior (Orc:2)
  A big kobold (D:11)
  A bush (Lair:6)
  40 fungi
  16 plants (D:10)
  8 toadstools (Swamp:1)
107 creatures vanquished.

Grand Total: 1133 creatures vanquished

Notes
Turn   | Place    | Note
-------+----------+-------------------------------------------
     0 | D:1      | Misa the Spriggan Enchanter began the quest for the Orb.
     0 | D:1      | Reached XP level 1. HP: 9/9 MP: 5/5
   560 | D:1      | Reached XP level 2. HP: 13/13 MP: 6/6
   565 | D:1      | Learned a level 2 spell: Ensorcelled Hibernation
   767 | D:1      | Reached skill level 3 in Spellcasting
  1006 | D:1      | Reached skill level 5 in Stealth
  1179 | D:1      | Reached XP level 3. HP: 16/16 MP: 8/8
  2078 | D:2      | Learned a level 3 spell: Tukima's Dance
  2112 | D:2      | Reached XP level 4. HP: 13/21 MP: 0/10
  3475 | D:3      | Noticed a sky beast
  3542 | D:3      | Killed a sky beast
  3542 | D:3      | Reached skill level 1 in Fighting
  3542 | D:3      | Reached skill level 4 in Spellcasting
  3542 | D:3      | Reached XP level 5. HP: 17/25 MP: 6/12
  4030 | D:4      | Noticed an ogre
  4217 | D:4      | Noticed an ogre
  4241 | D:4      | Killed an ogre
  4241 | D:4      | Reached XP level 6. HP: 30/30 MP: 8/13
  4319 | D:4      | Noticed Blork the orc
  5154 | D:3      | Killed Blork the orc
  5154 | D:3      | Reached skill level 5 in Dodging
  5154 | D:3      | Reached skill level 5 in Hexes
  5409 | D:4      | Reached XP level 7. HP: 34/34 MP: 7/15
  5655 | D:4      | Found a glowing golden altar of the Shining One.
  5874 | D:4      | Found a burning altar of Makhleb.
  5875 | D:4      | Found a radiant altar of Vehumet.
  6178 | D:5      | Entered Level 5 of the Dungeon
  6209 | D:5      | Reached skill level 5 in Spellcasting
  6701 | D:5      | Found a white marble altar of Elyvilon.
  7183 | D:5      | Noticed a wyvern
  7263 | D:5      | Killed a wyvern
  7263 | D:5      | Reached XP level 8. HP: 39/39 MP: 15/17
  7277 | D:5      | Found a shattered altar of Ashenzari.
  7619 | D:6      | Found a shimmering altar of Xom.
  8312 | D:6      | Reached skill level 6 in Spellcasting
  8453 | D:6      | Noticed Maggie
  8654 | D:7      | Noticed Dowan
  8768 | D:7      | Found Jiacat's Weapon Boutique.
  9023 | D:7      | Noticed a hippogriff
  9039 | D:7      | Killed a hippogriff
  9039 | D:7      | Reached skill level 5 in Short Blades
  9087 | D:7      | Learned a level 3 spell: Dazzling Flash
  9317 | D:7      | Found a staircase to the Ecumenical Temple.
  9322 | Temple   | Entered the Ecumenical Temple
  9334 | Temple   | Became a worshipper of Dithmenos the Shadowed
  9819 | D:7      | Reached XP level 9. HP: 44/44 MP: 14/19
 10186 | D:8      | Noticed a two-headed ogre
 10190 | D:8      | Killed a two-headed ogre
 10190 | D:8      | Reached skill level 7 in Spellcasting
 10196 | D:8      | Noticed a hell beast
 10217 | D:7      | Noticed Duvessa
 10455 | D:6      | Killed Maggie
 10630 | D:7      | Killed Duvessa
 10630 | D:7      | Reached skill level 10 in Stealth
 10635 | D:7      | Killed Dowan
 10835 | D:7      | Reached * piety under Dithmenos
 10912 | D:7      | Found an ancient bone altar of Kikubaaqudgha.
 10926 | D:7      | Got a transparent flail
 10927 | D:7      | Identified the +10 flail of Impermanence {elec, +Rage +Fly
                  | MR++ Dex-4} (You found it on level 7 of the Dungeon)
 11173 | D:8      | Found a shimmering blue altar of Sif Muna.
 11176 | D:8      | Found a hazy altar of Hepliaklqana.
 11179 | D:8      | Found a blossoming altar of Fedhas.
 11298 | D:10     | Entered Level 10 of the Dungeon
 11380 | D:10     | Noticed a troll
 11415 | D:9      | Reached XP level 10. HP: 51/51 MP: 19/22
 11634 | D:9      | Noticed Psyche
 11703 | D:9      | Noticed a two-headed ogre
 11729 | D:9      | Killed a two-headed ogre
 12366 | D:9      | Killed Psyche
 12453 | D:10     | Noticed Erolcha
 12459 | D:10     | Killed Erolcha
 12459 | D:10     | Reached skill level 8 in Spellcasting
 12487 | D:10     | Reached skill level 5 in Fighting
 12612 | D:10     | Reached skill level 1 in Conjurations
 12730 | D:10     | Reached ** piety under Dithmenos
 12913 | D:10     | Found a staircase to the Lair.
 13015 | D:10     | Noticed a two-headed ogre
 13037 | D:10     | Killed a two-headed ogre
 13037 | D:10     | Reached skill level 10 in Dodging
 13037 | D:10     | Reached XP level 11. HP: 53/56 MP: 12/24
 13231 | D:10     | Learned a level 2 spell: Poisonous Vapours
 13444 | D:10     | Noticed Erica
 13449 | D:10     | Killed Erica
 13655 | D:11     | Noticed a red ugly thing
 13684 | D:11     | Killed a red ugly thing
 13715 | D:11     | Found a shadowy altar of Dithmenos.
 13804 | D:11     | Reached skill level 1 in Poison Magic
 14069 | D:11     | Reached skill level 9 in Spellcasting
 14069 | D:11     | Reached skill level 1 in Air Magic
 14295 | Lair:1   | Entered Level 1 of the Lair of Beasts
 14333 | Lair:1   | Reached *** piety under Dithmenos
 16023 | Lair:2   | Reached XP level 12. HP: 61/61 MP: 26/26
 16246 | Lair:2   | Learned a level 3 spell: Mephitic Cloud
 16854 | Lair:3   | Found a staircase to the Snake Pit.
 17084 | Lair:3   | Reached skill level 10 in Hexes
 17087 | Lair:3   | Noticed a six-headed hydra
 17127 | Lair:3   | Killed a six-headed hydra
 17514 | Lair:3   | Reached **** piety under Dithmenos
 17564 | Lair:3   | Noticed a six-headed hydra
 17601 | Lair:3   | Killed a six-headed hydra
 17601 | Lair:3   | Reached skill level 10 in Spellcasting
 17804 | Lair:3   | Found a staircase to the Swamp.
 18786 | Lair:4   | Noticed Snorg
 18880 | Lair:4   | Killed Snorg
 19144 | Lair:6   | Entered Level 6 of the Lair of Beasts
 19257 | Lair:5   | Found a staircase to the Slime Pits.
 19313 | Lair:6   | Reached XP level 13. HP: 66/66 MP: 28/28
 19452 | Lair:5   | Found a frozen archway.
 19556 | Lair:5   | Reached skill level 15 in Stealth
 19757 | IceCv    | Entered an ice cave
 20527 | Lair:6   | Reached skill level 5 in Poison Magic
 20824 | Lair:6   | Reached ***** piety under Dithmenos
 21339 | Lair:6   | Reached skill level 11 in Spellcasting
 21339 | Lair:6   | Reached skill level 5 in Air Magic
 22051 | D:11     | Found a staircase to the Orcish Mines.
 22181 | D:11     | Reached skill level 5 in Conjurations
 22848 | D:11     | Reached skill level 10 in Short Blades
 24046 | D:12     | Found a portal to a secret trove of treasure.
 24088 | D:12     | Reached XP level 14. HP: 72/72 MP: 27/30
 24344 | Orc:1    | Entered Level 1 of the Orcish Mines
 24424 | Orc:1    | Reached ****** piety under Dithmenos
 25127 | Orc:2    | Entered Level 2 of the Orcish Mines
 25483 | Orc:2    | Found a runed translucent gate.
 25483 | Orc:2    | Found a runed translucent gate.
 25483 | Orc:2    | Found a runed translucent gate.
 25484 | Orc:2    | Noticed fly's ghost (journeyman FoDe)
 25485 | Orc:2    | Noticed Conn's ghost (journeyman OpWz)
 25510 | Orc:2    | Noticed Donald
 25512 | Orc:2    | Killed Donald
 25572 | Orc:1    | Noticed an orc warlord
 25896 | Orc:2    | Killed an orc warlord
 26542 | Orc:2    | Found Cillemme's General Store.
 26544 | Orc:2    | Found Bakkaekh's General Store.
 27128 | Orc:2    | Found a staircase to the Elven Halls.
 27569 | Orc:2    | Reached skill level 12 in Spellcasting
 27775 | Orc:2    | Found Vuinwoes's Antique Armour Shop.
 27775 | Orc:2    | Found a one-way gate leading to the halls of Pandemonium.
 27775 | Orc:2    | Found Yjokoly's Book Boutique.
 27779 | Orc:2    | Bought a book of Party Tricks for 850 gold pieces
 27786 | Orc:2    | Learned a level 6 spell: Invisibility
 28218 | D:13     | Found Nivvax's Weapon Shop.
 28490 | D:15     | Entered Level 15 of the Dungeon
 29313 | D:13     | Reached XP level 15. HP: 77/77 MP: 32/32
 29745 | D:13     | Found a gate to the Vaults.
 29805 | D:13     | Noticed Sonja
 29959 | D:13     | Killed Sonja
 29978 | D:14     | Found Xufuu's Assorted Antiques.
 29999 | D:14     | Reached skill level 13 in Spellcasting
 31145 | D:14     | Reached skill level 1 in Ice Magic
 31738 | D:15     | Found a radiant altar of Vehumet.
 31899 | D:15     | Found a staircase to the Depths.
 33422 | Orc:2    | Bought a book of Clouds for 765 gold pieces
 33430 | Orc:2    | Learned a level 6 spell: Freezing Cloud
 33453 | Orc:2    | Identified a scroll of acquirement
 33454 | Orc:2    | Acquired a +2 hat of magic resistance
 33903 | Elf:1    | Entered Level 1 of the Elven Halls
 34332 | Elf:1    | Noticed a deep elf sorcerer
 34334 | Elf:1    | Killed a deep elf sorcerer
 34551 | Elf:1    | Reached skill level 14 in Spellcasting
 34559 | Elf:1    | Noticed a deep elf sorcerer
 34562 | Elf:1    | Killed a deep elf sorcerer
 34610 | Elf:1    | Found a shimmering blue altar of Sif Muna.
 35658 | Elf:1    | Noticed Louise
 35665 | Elf:1    | Killed Louise
 36074 | Elf:1    | Reached XP level 16. HP: 81/81 MP: 35/35
 36327 | Elf:3    | Entered Level 3 of the Elven Halls
 36365 | Elf:3    | Found a flickering gateway to a bazaar.
 36374 | Bazaar   | Entered a bazaar
 36374 | Bazaar   | Found Xeaps's Weapon Boutique.
 36374 | Bazaar   | Found Zyrr's Antique Armour Shop.
 36374 | Bazaar   | Found Zirph's Antique Weapon Shop.
 36384 | Bazaar   | Bought a silken robe for 216 gold pieces
 36398 | Bazaar   | Identified the +2 robe "Kitoemi" {rN++} (You bought it in a
                  | shop in a bazaar)
 36402 | Bazaar   | Got a smoking troll leather armour
 36412 | Bazaar   | Identified the cursed +1 troll leather armour "Zudeosext"
                  | {+Blink Regen+} (You found it in a bazaar)
 36733 | Elf:2    | Found a large runed translucent door.
 36733 | Elf:2    | Found a large runed translucent door.
 36734 | Elf:2    | Noticed Niddhogr's ghost (journeyman FoVM)
 36743 | Elf:2    | Killed Niddhogr's ghost
 37125 | Elf:2    | Paralysed by a floating eye for 4 turns
 37391 | Elf:2    | Reached skill level 5 in Ice Magic
 37728 | Elf:2    | Got a clouded bone ring
 37730 | Elf:2    | Identified the ring of Zunkat {*Tele rElec MR+ Str+2 Int-3}
                  | (You found it on level 2 of the Elven Halls)
 37910 | Elf:2    | Found a runed translucent gate.
 37910 | Elf:2    | Found a runed translucent gate.
 37911 | Elf:2    | Found a runed translucent gate.
 37993 | Elf:2    | Reached skill level 15 in Spellcasting
 39157 | D:8      | Found a corrupted altar of Lugonu.
 39578 | Snake:1  | Entered Level 1 of the Snake Pit
 39879 | Snake:2  | Noticed Aizul
 39881 | Snake:2  | Killed Aizul
 40068 | Snake:1  | Noticed Agnes
 40070 | Snake:1  | Killed Agnes
 40566 | Snake:1  | Found Iddam's Assorted Antiques.
 40566 | Snake:1  | Found Hogiom Tifu's Weapon Shop.
 41054 | Elf:3    | Reached skill level 10 in Air Magic
 41218 | Elf:3    | Reached XP level 17. HP: 85/85 MP: 35/37
 41375 | Elf:3    | Found Neutus's Needful Niceties.
 42343 | Swamp:1  | Entered Level 1 of the Swamp
 43337 | Depths:1 | Entered Level 1 of the Depths
 43387 | Depths:1 | Found a gateway to Hell.
 44887 | Depths:1 | Reached skill level 16 in Spellcasting
 46142 | Depths:2 | Found an iron altar of Okawaru.
 46159 | Depths:2 | Noticed a lich
 46296 | Depths:2 | Found a runed translucent door.
 46297 | Depths:2 | Noticed Sojobo
 46306 | Depths:2 | Killed Sojobo
 47382 | Depths:2 | Noticed a caustic shrike
 47386 | Depths:2 | Killed a caustic shrike
 47585 | Depths:2 | Reached skill level 10 in Conjurations
 47839 | Depths:2 | Reached XP level 18. HP: 90/90 MP: 39/39
 49401 | Elf:3    | Reached skill level 17 in Spellcasting
 50807 | Elf:3    | Identified the amulet of the Pariah {Acrobat Dex+6}
 51035 | Elf:2    | Learned a level 2 spell: Blink
 51035 | Elf:2    | Upgraded the game from 0.26-a0-346-g33516b1736 to
                  | 0.26-a0-394-g0b5ff556b1
 51468 | Elf:3    | Identified the +9 scimitar of Kagalyel {vorpal, rPois MR+}
 52394 | Elf:3    | Identified the +12 battleaxe "Podes" {vorpal, Dex+8 Stlth-}
 53313 | Elf:2    | Gained mutation: You tend to lose your temper in combat.
                  | [mutagenic glow]
 53962 | Elf:3    | Reached skill level 15 in Hexes
 54023 | Elf:3    | Reached skill level 18 in Spellcasting
 54712 | Elf:3    | Identified Cofiekhu's Disquisition on the Igneous Escort
 55197 | Depths:1 | Learned a level 8 spell: Discord
 55408 | Depths:2 | Noticed a lich
 55409 | Depths:2 | Found a runed translucent door.
 55409 | Depths:2 | Found a runed translucent door.
 56053 | Depths:2 | Shot with a bolt by a yaktaur captain

Illustrated notes

Levels and vault maps discovered:
D:1:      scummos_arrival_star, layout_loops_corners
D:2:      layout_basic, serial_curves, eino_curves_03, eino_curves_03,
          minmay_pentomino_q4
D:3:      layout_loops_ring
D:4:      layout_loops_cross, grunt_temple_overflow_lords_of_destruction,
          tso_altar, uniq_blork_the_orc
D:5:      layout_rooms, nicolae_overflow_crystal_walls, elyvilon_altar_5
D:6:      layout_basic, xom_teletrap_fun, uniq_maggie
D:7:      layout_cave_pools, kennysheep_mini, temple_doors_e, serial_shops,
          shop, uniq_duvessa
D:8:      layout_rooms, grunt_temple_overflow_diamond, serial_park_tiny_1,
          lemuel_hellish_altar
D:9:      layout_basic, uniq_psyche
D:10:     layout_roguey, due_lair_maze_entry_diamond, uniq_erolcha, uniq_erica
D:11:     minmay_tri_box, layout_basic, david_orc_2,
          grunt_dithmenos_smoke_and_mirrors
D:12:     layout_loops_ring, enter_trove_6
D:13:     layout_irregular_city, david_vaults_4, serial_shops, shop,
          hangedman_decor_peaks_small, minmay_holes, uniq_sonja
D:14:     layout_gridville, minmay_misc_feat_doors, serial_shops, shop
D:15:     hangedman_depths_entry_try_elsewhere_first, layout_cave_pools,
          basic_altar
Temple:   nicolae_temple_god_jail
Lair:1:   layout_layer_cave
Lair:2:   layout_loops_ring, beast_lair_carwin_3, grunt_megastairs_1,
          serial_bayou_shore_b, lemuel_fruit_fields
Lair:3:   layout_regular_city, skrybe_swamp_entry_bodies,
          minmay_snake_entry_guardpost_small, serial_bayou_shore_a,
          grunt_megastairs_3
Lair:4:   layout_long_grid, uniq_snorg
Lair:5:   layout_gridlike, minmay_slime_entry_pillars,
          portal_ice_cave_entry_ice_beasts, minmay_lair_oklob_chamber
Lair:6:   grunt_lair_end_beastmaster, layout_regular_city, fungi_pond_lemuel,
          dpeg_oklob_1, grunt_megastairs_2, lemuel_fruit_fields,
          infiniplex_staircase_pool_2
Swamp:1:  cheibrodos_swamp_tower_of_moss, layout_basic_swamp,
          evilmike_swamp_ruin_house_5
Snake:1:  layout_layer_cave, minmay_shoptagon, uniq_agnes
Snake:2:  layout_cave_town, serial_shops, shop, shop,
          gammafunk_ghost_necromancy, minmay_shop_star, uniq_aizul
Orc:1:    layout_diamond_mine
Orc:2:    pf_orc_diabolical, layout_diamond_mine, gammafunk_ghost_cemetery,
          uniq_donald
Elf:1:    layout_onion_city, basic_altar, hangedman_elf_disciples, uniq_louise
Elf:2:    layout_geoelf_octagon, ebering_ghost_disaster_area
Elf:3:    minmay_elf_hall_four_x, layout_rooms, serial_shops, freezing_bzr,
          drop_trap, nicolae_alphabet_shops
Depths:1: layout_forbidden_donut, hell_entry, due_unseen_surprise,
          grunt_megastairs_5, firewood_loft
Depths:2: minmay_the_grid_ultimate [minmay_the_grid_prize_shrinking_boxes,
          minmay_the_grid_prize_diamond_cup, minmay_the_grid_prize_inner_circle,
          minmay_the_grid_prize_trominoes, minmay_the_grid_square_5x5_inner_v,
          minmay_the_grid_square_5x5_tri_point,
          minmay_the_grid_square_5x5_minibox,
          minmay_the_grid_square_5x5_checkered_statues,
          minmay_the_grid_square_5x5_hollow_slash,
          minmay_the_grid_square_5x5_two_walls_a,
          minmay_the_grid_square_5x5_almost_minimal,
          minmay_the_grid_square_5x5_spiral, minmay_the_grid_square_5x5_minimal,
          minmay_the_grid_square_5x5_tie, minmay_the_grid_square_5x5_one_wall,
          minmay_the_grid_square_5x5_doubleslash,
          minmay_the_grid_square_5x5_inner_i,
          minmay_the_grid_square_5x5_checkered_sparse,
          minmay_the_grid_square_5x5_broken_cross,
          minmay_the_grid_triangle_9x9_semitri,
          minmay_the_grid_triangle_9x9_corruption,
          minmay_the_grid_triangle_9x9_swiss_cheese,
          minmay_the_grid_triangle_9x9_thin_v,
          minmay_the_grid_triangle_9x9_odd_lines,
          minmay_the_grid_triangle_9x9_skeleton,
          minmay_the_grid_triangle_9x9_windchime,
          minmay_the_grid_triangle_9x9_fully_insulated_deathbox,
          minmay_the_grid_triangle_9x9_longest,
          minmay_the_grid_triangle_9x9_pentomino_pain,
          minmay_the_grid_triangle_9x9_minimal,
          minmay_the_grid_triangle_9x9_warning,
          minmay_the_grid_triangle_9x9_shrine,
          minmay_the_grid_triangle_9x9_alien,
          minmay_the_grid_triangle_9x9_checkered,
          minmay_the_grid_triangle_9x9_sprig,
          minmay_the_grid_square_5x5_shuriken,
          minmay_the_grid_octo_tetromino_candy, minmay_the_grid_octo_clover_2,
          minmay_the_grid_octo_focus, minmay_the_grid_octo_toaster,
          minmay_the_grid_octo_concentric, minmay_the_grid_octo_chip,
          minmay_the_grid_octo_vomiting_pacman, minmay_the_grid_octo_checkered,
          minmay_the_grid_rooms, minmay_the_grid_eight,
          minmay_the_grid_embedded, minmay_the_grid_mess], hell_entry,
          abyss_entry, uniq_sojobo
Depths:3: kennysheep_bubble_arena, layout_cave_pools, grunt_pan_entry_sceptre,
          minmay_misc_feat_more_columns, hell_entry, kennysheep_treasure_room,
          infiniplex_staircase_squiggle, uniq_enchantress

Skill      XL: |  1  2  3  4  5  6  7  8  9 10 11 12 13 14 15 16 17 18 |
---------------+-------------------------------------------------------+-----
Spellcasting   | 3 4 5 6 7 8 9 10 11 12 14 15 16 18 | 18.5
Stealth        | 5 6 7 8 10 12 14 15 | 15.0
Hexes          | 4 5 6 7 8 9 10 11 13 14 15 | 15.7
Short Blades   | 2 3 4 5 6 7 8 9 10 | 10.8
Dodging        | 4 5 6 7 8 10 | 10.4
Fighting       | 1 2 3 4 5 6 7 8 |  8.3
Conjurations   | 1 3 4 5 6 7 8 10 | 10.2
Poison Magic   | 2 4 6 7 |  7.3
Air Magic      | 2 4 5 6 8 10 11 | 11.6
Ice Magic      | 4 6 8 9 |  9.0

Action                   |  1- 3 |  4- 6 |  7- 9 | 10-12 | 13-15 | 16-18 || total
-------------------------+-------+-------+-------+-------+-------+-------++-------
Melee: Dagger            |    70 |    36 |   377 |   444 |  1220 |   613 ||  2760
       Short sword       |    32 |    64 |       |       |       |       ||    96
Throw: Dart              |       |       |       |       |       |     8 ||     8
 Cast: Corona            |     4 |       |       |       |       |       ||     4
       Ensorcelled Hiber |    31 |    55 |    90 |   160 |   198 |    41 ||   575
       Tukima's Dance    |       |     6 |    25 |    31 |   109 |    49 ||   220
       Dazzling Flash    |       |       |       |     3 |       |    12 ||    15
       Mephitic Cloud    |       |       |       |     2 |    73 |    33 ||   108
       Invisibility      |       |       |       |       |    32 |    62 ||    94
       Freezing Cloud    |       |       |       |       |       |    89 ||    89
       Discord           |       |       |       |       |       |     1 ||     1
Invok: Shadow Step       |       |       |       |     1 |     2 |     3 ||     6
  Use: Scroll            |       |       |       |    12 |    13 |    11 ||    36
       Potion            |       |       |       |       |       |     2 ||     2
 Stab: Sleeping          |    25 |    36 |    68 |   135 |   217 |   126 ||   607
       Distracted        |       |     1 |     1 |     3 |     4 |     5 ||    14
       Confused          |       |       |       |     1 |    50 |    15 ||    66
       Invisible         |       |       |       |       |    27 |   104 ||   131
       Paralysed         |       |       |       |       |     3 |       ||     3
       Petrified         |       |       |       |       |     2 |       ||     2
Armor: Robe              |     7 |     3 |     7 |    18 |    65 |     7 ||   107
       Acid dragon scale |       |       |     7 |     3 |       |       ||    10
Dodge: Dodged            |   101 |    71 |   231 |   341 |   528 |   202 ||  1474
Block: Buckler           |       |       |     3 |    85 |   152 |    46 ||   286

Table legend: (Time is in decaauts)
 A = Elapsed time spent in this place.
 B = Non-inter-level travel time spent in this place.
 C = Inter-level travel time spent in this place.
 D = Time resting spent in this place.
 E = Time spent auto-exploring this place.
 F = Levels seen in this place.
 G = Mean time per level.
                   A        B        C        D        E       F      G
               +--------+--------+--------+--------+--------+-----+--------+
         Total |  44351 |  41746 |   2605 |  23030 |   5530 |  35 | 1267.2 |
       Dungeon |  16535 |  15526 |   1009 |   7490 |   3059 |  15 | 1102.3 |
        Temple |    386 |    386 |      0 |    351 |      0 |   1 |  386.0 |
          Lair |   6577 |   6056 |    521 |   2308 |   1841 |   6 | 1096.2 |
         Swamp |    679 |    656 |     23 |    428 |      0 |   1 |  679.0 |
     Snake Pit |    676 |    661 |     15 |    433 |     14 |   2 |  338.0 |
  Orcish Mines |   3530 |   2820 |    710 |   1076 |    357 |   2 | 1765.0 |
   Elven Halls |  10536 |  10261 |    275 |   7292 |    225 |   3 | 3512.0 |
        Depths |   5230 |   5182 |     48 |   3568 |     34 |   3 | 1743.3 |
        Bazaar |    129 |    129 |      0 |     77 |      0 |   1 |  129.0 |
      Ice Cave |     69 |     69 |      0 |      3 |      0 |   1 |   69.0 |
               +--------+--------+--------+--------+--------+-----+--------+

Top non-repeatable levels by time:
   Elf:3: 1903 daAuts
   Elf:2: 1360 daAuts
Depths:2: 375 daAuts
Depths:1: 342 daAuts
   Orc:1: 34 daAuts
   Orc:2: 31 daAuts
    D:13: 19 daAuts
    D:15: 18 daAuts
    D:11: 18 daAuts
   Elf:1: 11 daAuts
    D:12: 6 daAuts
    D:14: 4 daAuts
Note: time per level data comes from an upgraded game and may be incomplete.
